 Dungeon Crawl Stone Soup version 0.20-a0-331-g5b3579f (webtiles) character file.

539705 ThermosAquaticus the Demonologist (level 25, -10/129 HPs)
             Began as a Gargoyle Summoner on Dec 18, 2016.
             Was the Champion of Sif Muna.
             Killed from afar by an orb of fire (32 damage)
             ... with a fireball
             ... on level 5 of the Realm of Zot on Dec 21, 2016.
             The game lasted 06:18:05 (62726 turns).

ThermosAquaticus the Demonologist (GrSu)           Turns: 62726, Time: 06:18:06

Health: -10/129    AC: 35    Str: 11    XL:     25   Next: 94%
Magic:  1/38       EV: 21    Int: 30    God:    Sif Muna [******]
Gold:   4702       SH: 11    Dex: 17    Spells: 3/56 levels left

rFire  + + .     SeeInvis +     a - +9 demon whip (elec)
rCold  + . .     Gourm    .     R - +2 leather armour {rC+}
rNeg   + . .     Faith    .     O - +6 buckler "Qemuev" {rPois rF+ Str-2 Int+2 Slay+3}
rPois  ∞         Spirit   .     t - +2 hat {SInv}
rElec  +         Reflect  .     r - +2 cloak {MR+}
rCorr  .         Harm     .     G - +2 pair of gloves {Dex+3}
MR     +++..     Clarity  +     x - +2 pair of boots {Fly}
Stlth  ++........               B - amulet of regeneration
                                Z - ring of protection from magic
                                y - ring "Rimnih" {rF+ Int+3 Dex+4}

@: flying, repel missiles
A: big wings, clarity, deformed body, dopey 1, frail 2, low mp 1, negative
energy resistance 1, electricity resistance, slow regeneration 1, unbreathing,
petrification resistance, rot immunity, MP-powered wands, AC +19
}: 3/15 runes: barnacled, silver, gossamer
a: Stop Flying, Divine Energy, Channel Magic, Forget Spell, Renounce Religion


You were on level 5 of the Realm of Zot.
You worshipped Sif Muna.
Sif Muna was exalted by your worship.
You were near starving.

You visited 9 branches of the dungeon, and saw 47 of its levels.
You visited the Abyss 2 times.
You also visited: Labyrinth, Trove, Ossuary and Bailey.

You collected 6165 gold pieces.
You spent 1463 gold pieces at shops.

Inventory:

Hand Weapons
 a - a +9 demon whip of electrocution (weapon)
Armour
 f - a +0 hat of magic resistance
 r - a +2 cloak of magic resistance (worn)
 t - a +2 hat of see invisible (worn)
 x - a +2 pair of boots of flying (worn)
 G - a +2 pair of gloves of dexterity (worn)
 O - the +6 buckler "Qemuev" (worn) {rPois rF+ Str-2 Int+2 Slay+3}
   (You found it on level 1 of the Vaults)

   It affects your strength (-2).
   It affects your intelligence (+2).
   It affects your accuracy and damage with ranged weapons and melee attacks
   (+3).
   It protects you from fire.
   It protects you from poison.
 R - a +2 leather armour of cold resistance (worn)
Magical Staves
 b - an uncursed staff of summoning
Jewellery
 e - an uncursed ring of resist corrosion
 j - a cursed -5 ring of protection
 y - the ring "Rimnih" (left hand) {rF+ Int+3 Dex+4}
   (You took it off a deep elf annihilator on level 5 of the Vaults)

   [ring of protection from fire]

   It affects your intelligence (+3).
   It affects your dexterity (+4).
   It protects you from fire.
 B - an amulet of regeneration (around neck)
 N - the ring "Woiqaic" {+Fly rC++ rN+ Str+3 Int-3}
   (You found it on level 3 of the Depths)

   [ring of flight]

   It affects your strength (+3).
   It affects your intelligence (-3).
   It greatly protects you from cold.
   It protects you from negative energy.
   It lets you fly.
 W - the ring of the Good {Fire +Fly MP+9 Str+6}
   (You found it on level 2 of the Spider Nest)

   [ring of fire]

   It enhances your fire magic.
   It affects your strength (+6).
   It protects you from fire.
   It makes you vulnerable to cold.
   It affects your magic capacity (+9).
   It lets you fly.
 Z - a ring of protection from magic (right hand)
Wands
 m - a wand of digging (8/24)
 A - a wand of digging (10/24)
 I - a wand of acid (4/15)
Scrolls
 d - 4 scrolls of blinking
 g - 5 scrolls of amnesia
 i - a scroll of recharging
 k - 7 scrolls of fear
 l - a scroll of brand weapon
 p - a scroll of fog
 F - 9 scrolls of magic mapping
 H - 22 scrolls of remove curse
 J - 7 scrolls of enchant armour
 T - 6 scrolls of identify
Potions
 h - 2 potions of magic
 n - a potion of agility
 s - 13 potions of ambrosia
 u - 7 potions of cancellation
 v - 4 potions of invisibility
 w - 10 potions of lignification
 C - 6 potions of curing
 D - a potion of haste
 K - 2 potions of might
 L - 3 potions of brilliance
 Q - a potion of cure mutation
 U - 4 potions of resistance
Books
 M - a book of Beasts

   Spells                             Type                      Level
   a - Summon Butterflies             Summoning                    1
   b - Call Canine Familiar           Summoning                    3
   c - Summon Ice Beast               Ice/Summoning                4
   d - Summon Mana Viper              Hexes/Summoning              5
   e - Summon Hydra                   Summoning                    7
Miscellaneous
 V - a crystal ball of energy
Comestibles
 c - 25 bread rations
 o - 22 meat rations
 q - 37 fruits
 E - a royal jelly


   Skills:
 + Level 17.7 Fighting
 - Level 12.0 Maces & Flails
 - Level 6.8 Armour
 - Level 13.0 Dodging
 - Level 2.1 Stealth
 - Level 4.0 Shields
 - Level 16.0 Spellcasting
 - Level 5.2 Charms
 - Level 23.4 Summonings
 - Level 9.5 Necromancy
 - Level 10.0 Translocations
   Level 3.4 Ice Magic
 - Level 3.6 Air Magic
 - Level 10.0 Invocations


You had 3 spell levels left.
You knew the following spells:

 Your Spells              Type           Power        Failure   Level  Hunger
a - Regeneration          Chrm/Necr      ######....   1%          3    None
b - Apportation           Tloc           ######....   1%          1    None
c - Call Canine Familiar  Summ           ########     0%          3    None
d - Summon Lightning Spi  Summ/Air       #######.     1%          4    None
e - Haunt                 Necr/Summ      #######...   1%          7    #####..
f - Repel Missiles        Chrm/Air       ######       1%          2    None
g - Summon Hydra          Summ           ########..   1%          7    #####..
h - Animate Dead          Necr           N/A          1%          4    None
i - Summon Butterflies    Summ           ########     0%          1    None
j - Recall                Summ/Tloc      N/A          0%          3    None
k - Malign Gateway        Summ/Tloc      #######...   1%          7    #####..
l - Blink                 Tloc           N/A          1%          2    None
m - Dragon's Call         Summ           ########..   17%         9    #######


Dungeon Overview and Level Annotations

Branches:
Dungeon (15/15)            Temple (1/1) D:6            Lair (6/6) D:11
 Shoals (4/4) Lair:3       Spider (4/4) Lair:3        Slime (0/5) Lair:6
    Orc (2/2) D:9             Elf (0/3) Orc:2        Vaults (5/5) D:14
  Crypt (0/3) Vaults:3     Depths (5/5) D:15            Zot (5/5) Depths:5

Altars:
Ashenzari
Dithmenos
Elyvilon
Hepliaklqana
Nemelex Xobeh
Okawaru
Qazlal
Sif Muna
Trog
Uskayaw
Xom
Yredelemnul
Zin
The Shining One
Beogh

Shops:
D:5 ([[%:   D:10 ?(   D:13 (   Orc:2 =**%   Shoals:2 =   Depths:3 *[[}(}*
Depths:4 =

Portals:
Hell: Depths:1 Depths:2 Depths:3 Depths:4 Depths:5
Abyss: Depths:2 Depths:4 Depths:5
Pandemonium: Depths:1 Depths:3 Depths:5
Ziggurat: Depths:1

Annotations:
D:9 Nattefrost's ghost, journeyman MiAK
Lair:1 exclusion: oklob plant
Zot:5 exclusion: upstairs


Innate Abilities, Weirdness & Mutations

You are resistant to torment.
Your stone body is resilient. (AC +19)
You are immune to poison.
Your large and strong wings let you fly indefinitely.
You resist negative energy. (rN+)
You are resistant to electric shocks. (rElec)
You can survive without breathing.
You are immune to petrification.
You are immune to rotting.
You possess an exceptional clarity of mind.
Armour fits poorly on your strangely shaped body.
You are dopey. (Int -2)
You are very frail. (-20% HP)
Your magical capacity is low. (-10% MP)
You regenerate slowly when monsters are visible.
You expend magic power (3 MP) to strengthen your wands.


Message History

* * * LOW HITPOINT WARNING * * *
Your eldritch tentacle slaps the orb of fire!!
Your eldritch tentacle freezes the orb of fire!
The orb of fire resists.
Your eldritch tentacle completely misses the orb of fire.
Casting: Dragon's Call
Confirm with . or Enter, or press ? or * to list all spells.
You miscast Dragon's Call.
Sif Muna protects you from the effects of your miscast!
You are near starving!
The orb of fire glows deep purple.
The fireball explodes!
The fireball engulfs you! You resist.
* * * LOW HITPOINT WARNING * * *
Your eldritch tentacle barely misses the orb of fire.
Your eldritch tentacle completely misses the orb of fire.
Unknown command.
You feel better.
The orb of fire glows yellow.
The fireball explodes!
The fireball engulfs you! You resist.
You die...

*▓▓.......▓▓▓....................
*▓.........▓▓....................
*...........▓....................
,.....0.....)....*...*...........
*......XXX..▓...w^...............
*▓.....XXXX▓▓...│...[.)..........
**▓...XLX.▓*▓...*................
* ▓▓▓▓▓▓▓▓▓ ▓....................
* ▓▓..@................
▓▓▓....)..........,,
▓▓▓▓..).........,*
▓▓▓▓▓▓▓▓▓▓▓▓▓**


You could see 2 orbs of fire and a friendly eldritch tentacle.

Vanquished Creatures
  3 ancient liches
  A Killer Klown (Zot:5)
  A caustic shrike (Depths:4)
  4 golden dragons
  Jory (Depths:2)
  A bone dragon (Vaults:3)
  An electric golem (Zot:5)
  2 liches
  4 tentacled monstrosities
  8 Orb Guardians (Zot:5)
  5 quicksilver dragons
  A tentacled starspawn (Abyss:2)
  3 titans (Vaults:5)
  4 sphinxes
  A death cob (Zot:5)
  6 tengu reavers
  4 shadow dragons
  3 storm dragons
  Ilsuiw (Shoals:4)
  A nagaraja (Depths:5)
  A daeva (Abyss:2)
  3 draconian knights
  7 frost giants
  10 fire giants
  2 deep elf sorcerers
  6 ghost moths
  15 vault wardens
  2 draconian shifters (Zot:4)
  A deep elf elementalist (Vaults:5)
  3 draconian annihilators
  8 ironheart preservers
  A spriggan defender (Depths:3)
  26 very ugly things
  8 vampire knights
  An ophan (Abyss:2)
  19 stone giants
  An entropy weaver (Vaults:4)
  2 black draconians
  4 green draconians
  2 white draconians
  2 purple draconians
  A yellow draconian (Zot:4)
  2 spark wasps (Depths:3)
  11 ettins
  4 merfolk javelineers (Shoals:4)
  3 deep elf death magi
  9 fire dragons
  2 merfolk impalers (Shoals:4)
  9 jiangshi
  A deep elf high priest (Vaults:5)
  17 yaktaur captains
  7 great orbs of eyes
  10 rakshasas
  15 ice dragons
  2 naga warriors (Depths:5)
  13 vault guards
  A merfolk avatar (Shoals:2)
  3 hydras
  18 centaur warriors
  4 spriggan air magi
  3 anacondas (Depths:5)
  An alligator snapping turtle (Shoals:4)
  A death knight (Vaults:4)
  A catoblepas (Shoals:2)
  38 two-headed ogres
  4 death yaks
  9 merfolk aquamancers
  6 deep troll shamans
  A tengu warrior (Depths:5)
  3 satyrs
  8 deep troll earth magi
  A hell hog (Abyss:2)
  12 ogre magi
  2 titan zombies
  An orc high priest (Orc:2)
  4 spriggan berserkers
  Nergalle (Lair:3)
  7 vampire magi
  The ghost of heinrich the Unseen, a journeyman VSAs of Dithmenos (D:11)
  7 skeletal warriors
  7 deep elf knights
  A hell knight (Depths:4)
  An iron troll (Depths:5)
  6 unseen horrors
  7 glowing orange brains
  9 sea snakes
  17 deep trolls
  3 flayed ghosts
  2 lindwurms (Depths:5)
  5 phantasmal warriors
  4 wizards
  3 deep elf archers
  11 ironbrand convokers
  2 frost giant zombies (Depths:2)
  2 necromancers
  11 harpies
  3 fire giant zombies (Depths:2)
  15 orc knights
  7 cyclopes
  6 orc sorcerers
  26 wolf spiders
  16 deep elf magi
  16 manticores
  11 fauns
  A salamander (Depths:1)
  A cyclops (shapeshifter) (Vaults:1)
  A spriggan zombie (Depths:3)
  6 merfolk sirens
  3 moths of wrath
  9 black mambas
  5 vault sentinels
  3 centaur zombies
  26 ugly things
  5 guardian serpents
  A water nymph (shapeshifter) (Depths:3)
  6 water nymphs
  8 spiny frogs
  5 demonic crawlers
  A gargoyle (D:11)
  An efreet (Abyss:5)
  3 rime drakes (Lair:6)
  51 yaktaurs
  An ancient zyme (Abyss:2)
  2 centaur skeletons
  3 komodo dragons (Lair:6)
  2 tengu conjurers
  6 freezing wraiths
  7 trolls
  3 polar bears
  21 jumping spiders
  A queen bee (shapeshifter) (Depths:2)
  2 meliai (D:14)
  A meliai (shapeshifter) (Vaults:3)
  2 tyrant leeches (Spider:2)
  A jumping spider (shapeshifter) (Depths:5)
  12 merfolk
  6 wind drakes
  3 raiju
  9 hornets
  6 snapping turtles
  2 blink frogs (shapeshifter)
  15 slime creatures
  6 hippogriffs
  4 blink frogs
  3 dream sheep (Shoals:1)
  A fire giant simulacrum (Vaults:3)
  A wind drake (shapeshifter) (Depths:2)
  A centaur simulacrum (D:15)
  6 flying skulls
  25 tarantellas
  4 air elementals (Depths:5)
  62 redbacks
  A basilisk (shapeshifter) (Vaults:2)
  A shadow (Lab)
  8 wyverns (Lair:6)
  6 wraiths
  10 large abominations
  A yak (shapeshifter) (Depths:1)
  15 water elementals
  20 yaks
  A fire elemental (D:12)
  A steam dragon (Lair:6)
  3 small abominations (Depths:2)
  A hungry ghost (Lab)
  A chaos spawn (Depths:2)
  10 wargs
  8 nagas (Depths:5)
  4 acid dragons
  14 water moccasins
  Duvessa (D:4)
  A soldier ant (D:15)
  3 hell hounds
  3 porcupines
  A black bear (D:10)
  5 ice beasts
  16 ogres
  28 orc warriors
  An eye of draining (D:9)
  3 necrophages
  29 centaurs
  A snapping turtle skeleton (Abyss:2)
  9 wolves
  10 boggarts
  A big kobold (D:9)
  2 crocodiles
  16 bullfrogs
  3 gnoll sergeants (Bailey)
  A wyvern zombie (D:13)
  An earth elemental (Spider:2)
  Dowan (D:4)
  A water moccasin zombie (D:12)
  5 scorpions
  A human simulacrum (Vaults:1)
  36 killer bees
  2 wights
  A spectral wolf (Depths:2)
  2 howler monkeys
  A bullfrog zombie (D:6)
  5 crimson imps
  2 quasits
  7 hounds
  3 gnoll shamans
  23 orc priests
  A jelly (D:11)
  26 orc wizards
  6 iguanas
  An iron imp (Depths:2)
  5 worker ants
  Natasha (twice) (D:4)
  2 hound skeletons
  A killer bee simulacrum (D:9)
  5 mummies (Ossuary)
  Robin (D:3)
  A howler monkey skeleton (D:5)
  2 worker ant zombies
  10 gnolls
  8 adders
  3 shadow imps
  A white imp (D:9)
  2 ufetubi
  2 adder skeletons
  2 worms
  6 leopard geckos
  69 orcs
  4 ball pythons
  A giant cockroach (D:3)
  11 goblins
  13 hobgoblins
  17 jackals
  7 kobolds
  2 quokkas
  11 bats
  4 frilled lizards
  2 gnoll skeletons (Ossuary)
  3 goblin skeletons (Ossuary)
  A kobold skeleton (Ossuary)
  A leopard gecko skeleton (D:4)
  2 orc skeletons (Ossuary)
  2 quokka skeletons
  A quokka zombie (D:5)
  7 rats
  11 rat skeletons (Ossuary)
  2 crawling corpses (Vaults:5)
  A tentacle (Shoals:1)
1556 creatures vanquished.

Vanquished Creatures (collateral kills)
  An orb of fire (Zot:5)
  An ancient lich (Zot:5)
  A juggernaut (Depths:1)
  Boris (Depths:5)
  Bai Suzhen (Depths:2)
  Frederick (Depths:5)
  A Killer Klown (Zot:5)
  2 golden dragons
  Arachne (Spider:3)
  3 bone dragons
  An electric golem (Zot:5)
  A lich (Vaults:5)
  4 tentacled monstrosities
  9 Orb Guardians (Zot:5)
  4 titans (Vaults:5)
  Asterion (Spider:2)
  A kraken (Shoals:1)
  2 quicksilver dragons
  A tentacled starspawn (Abyss:2)
  Gastronok (Lair:3)
  2 sphinxes
  Polyphemus (Shoals:2)
  2 draconian monks
  Kirke (D:14)
  5 storm dragons
  3 tengu reavers
  4 nagarajas (Depths:5)
  A deep elf sorcerer (Depths:3)
  6 fire giants
  4 frost giants
  6 vault wardens
  A ghost moth (Spider:3)
  3 iron dragons
  3 emperor scorpions
  Aizul (Spider:1)
  Louise (Spider:1)
  A juggernaut zombie (Depths:3)
  A draconian shifter (Zot:4)
  A draconian stormcaller (Zot:5)
  9 very ugly things
  A war gargoyle (Vaults:5)
  8 stone giants
  7 ironheart preservers
  2 vampire knights
  A green draconian (Zot:5)
  An entropy weaver (Spider:2)
  The ghost of Duffy the Unseen, a journeyman SpEn of Dithmenos (Orc:2)
  2 red draconians (Depths:5)
  2 deep elf annihilators (Vaults:5)
  Azrael (D:13)
  A purple draconian (Zot:5)
  2 merfolk javelineers (Shoals:4)
  A white draconian (Depths:5)
  2 deep elf death magi (Vaults:5)
  5 ettins
  8 spark wasps
  2 fire dragons
  2 yellow draconians (Depths:5)
  Josephine (Lair:3)
  A minotaur (Lab)
  2 jiangshi (Depths:2)
  2 deep elf high priests (Vaults:5)
  3 yaktaur captains
  3 merfolk impalers (Shoals:4)
  A spriggan air mage (Depths:5)
  4 ice dragons
  5 hydras
  A rakshasa (Depths:1)
  32 vault guards
  A merfolk aquamancer (Shoals:4)
  An anaconda (Depths:5)
  2 alligator snapping turtles
  A death knight (Vaults:5)
  2 centaur warriors
  11 two-headed ogres
  4 death yaks (Lair:3)
  2 deep troll shamans
  A tengu warrior (D:15)
  A vampire mage (Depths:1)
  2 deep troll earth magi
  A hell hog (shapeshifter) (Vaults:5)
  Urug (Lair:3)
  3 ogre magi
  2 spriggan berserkers (Depths:5)
  A deep elf knight (Vaults:5)
  A titan skeleton (Depths:2)
  A fire crab (shapeshifter) (Depths:2)
  An iron troll (Depths:5)
  A glowing orange brain (Vaults:2)
  4 sea snakes
  A shadow wraith (Vaults:5)
  3 skeletal warriors (D:15)
  11 deep trolls
  5 ironbrand convokers
  A swamp dragon (Lair:6)
  3 harpies
  2 phantasmal warriors
  15 orb spiders
  A necromancer (D:15)
  5 orc knights
  A frost giant zombie (Depths:2)
  A faun (Shoals:3)
  5 orc sorcerers
  11 ugly things
  A salamander (shapeshifter) (Depths:2)
  A cyclops (D:14)
  9 deep elf magi
  A fire giant zombie (Depths:2)
  6 wolf spiders
  2 moths of wrath
  An oklob plant (Lair:4)
  A worldbinder (Abyss:2)
  An elephant (Depths:2)
  2 water nymphs (Shoals:4)
  A merfolk siren (Shoals:1)
  A guardian serpent (shapeshifter) (Vaults:2)
  A guardian serpent (Depths:5)
  A manticore (Shoals:4)
  7 vault sentinels
  2 centaur skeletons
  A naga mage (Abyss:2)
  A torpor snail (Spider:1)
  3 black mambas (Lair:6)
  5 spiny frogs
  A titan simulacrum (Depths:2)
  4 rime drakes
  4 freezing wraiths
  21 yaktaurs
  An efreet (D:14)
  A golden dragon simulacrum (Depths:3)
  5 komodo dragons
  4 trolls
  9 demonic crawlers
  A tengu conjurer (D:15)
  9 jumping spiders
  A meliai (D:14)
  A shadow dragon simulacrum (Vaults:3)
  A raiju (shapeshifter) (Vaults:3)
  2 tyrant leeches (Spider:2)
  4 polar bears
  2 wind drakes
  4 hornets
  3 blink frogs
  7 hippogriffs
  A meliai zombie (D:15)
  7 slime creatures
  A dream sheep (Shoals:1)
  2 large abominations
  6 flying skulls
  8 tarantellas
  2 spriggans
  2 shadows
  2 air elementals (Depths:5)
  22 redbacks
  2 water elementals
  4 wyverns
  A fire elemental (D:13)
  2 wraiths
  11 yaks
  A steam dragon (D:10)
  4 hungry ghosts
  2 neqoxecs (Abyss:2)
  A human (shapeshifter) (Depths:4)
  A chaos spawn (Depths:2)
  Menkaure (D:4)
  6 wargs
  9 nagas
  2 acid dragons (Lair:6)
  3 porcupines
  5 hell hounds
  10 water moccasins
  5 sky beasts
  19 orc warriors
  A black bear (D:9)
  An ice beast (D:7)
  A boggart (Depths:2)
  10 wolves
  24 ogres
  6 centaurs
  5 crocodiles
  3 big kobolds
  A deep troll simulacrum (Vaults:2)
  5 gnoll sergeants (Bailey)
  4 bullfrogs
  3 earth elementals (Spider:2)
  A wyvern skeleton (D:14)
  6 wights
  32 killer bees
  2 howler monkeys (D:8)
  A spectral wolf (Depths:2)
  3 electric eels
  A howler monkey (shapeshifter) (Depths:3)
  3 crimson imps
  4 hounds
  A bullfrog zombie (D:6)
  A quasit (D:8)
  2 jellies (Lair:6)
  4 gnoll shamans (Bailey)
  A jelly (shapeshifter) (D:14)
  16 orc priests
  27 orc wizards
  3 iguanas
  An iguana (shapeshifter) (Depths:2)
  7 small abominations
  3 worker ants
  A bullfrog simulacrum (D:9)
  7 mummies
  11 gnolls
  4 adders
  A hound simulacrum (D:9)
  A worm (Lair:3)
  A leopard gecko (D:11)
  57 orcs
  A bat (D:1)
  4 giant cockroaches
  3 goblins
  2 hobgoblins (D:1)
  2 jackals (D:5)
  2 quokkas
  2 ball pythons (Depths:5)
  10 kobolds
  A quokka skeleton (D:4)
  3 rats (D:1)
  3 crawling corpses (Vaults:5)
  2 fungi (Lair:5)
  3 tentacles
886 creatures vanquished.

Vanquished Creatures (others)
  15 eldritch tentacles
  A merfolk aquamancer (Shoals:1)
  A fire giant zombie (Depths:2)
  A cyclops (D:13)
  An ugly thing (Depths:2)
  A moth of wrath (Zot:1)
  A human (D:14)
  A golden eye (shapeshifter) (Depths:1)
  An ogre (Vaults:5)
  A boggart (Depths:4)
  2 orc wizards
  A worker ant (D:14)
  An orc (D:10)
  A fire vortex (Depths:1)
  19 fungi
  19 plants
  4 starspawn tentacles (Abyss:2)
  5 tentacles
76 creatures vanquished.

Grand Total: 2518 creatures vanquished

Notes
Turn   | Place    | Note
-------+----------+-------------------------------------------
     0 | D:1      | ThermosAquaticus the Gargoyle Summoner began the quest for the Orb.
     0 | D:1      | Reached XP level 1. HP: 10/10 MP: 3/3
   239 | D:1      | Reached XP level 2. HP: 10/15 MP: 3/5
   249 | D:1      | Learned a level 2 spell: Call Imp
   641 | D:1      | Reached skill level 4 in Summonings
   873 | D:1      | Reached XP level 3. HP: 19/19 MP: 6/6
  1467 | D:2      | Learned a level 3 spell: Call Canine Familiar
  1739 | D:2      | Found a hazy altar of Hepliaklqana.
  1970 | D:3      | Reached XP level 4. HP: 24/24 MP: 8/8
  2099 | D:3      | Noticed Robin
  2117 | D:3      | Killed Robin
  2165 | D:3      | Found a faded altar of an unknown god.
  3094 | D:4      | Noticed Duvessa
  3094 | D:4      | Noticed Dowan
  3124 | D:4      | Killed Duvessa
  3124 | D:4      | Reached skill level 5 in Summonings
  3124 | D:4      | Reached XP level 5. HP: 21/28 MP: 5/10
  3136 | D:4      | Killed Dowan
  3136 | D:4      | Reached XP level 6. HP: 32/32 MP: 7/12
  3180 | D:4      | Learned a level 4 spell: Summon Lightning Spire
  3370 | D:4      | Reached skill level 1 in Air Magic
  3712 | D:4      | Reached skill level 6 in Summonings
  3749 | D:4      | Reached XP level 7. HP: 36/36 MP: 10/13
  3965 | D:4      | Found a sparkling altar of Nemelex Xobeh.
  3979 | D:4      | Noticed Menkaure
  3993 | D:4      | Killed Menkaure
  4019 | D:4      | Noticed Natasha
  4027 | D:4      | Killed Natasha
  4122 | D:4      | Noticed Natasha
  4122 | D:5      | Entered Level 5 of the Dungeon
  4163 | D:5      | Found Ejaisu Wesi's Armour Emporium.
  4182 | D:5      | Identified the Guide on Weightlessness and the Glacier
  4430 | D:4      | Killed Natasha
  4481 | D:5      | Found Ugoum's Armour Shoppe.
  4499 | D:5      | Reached skill level 7 in Summonings
  4550 | D:5      | Found Inustu Lile's Weapon Boutique.
  4748 | D:5      | Found Jurimp's Food Shop.
  4862 | D:5      | Found Roram's Book Emporium.
  4903 | D:5      | Reached XP level 8. HP: 38/41 MP: 10/14
  4930 | D:5      | Learned a level 4 spell: Summon Ice Beast
  5354 | D:6      | Noticed a green ugly thing
  5373 | D:6      | Reached skill level 1 in Ice Magic
  5544 | D:6      | Killed a green ugly thing
  5544 | D:6      | Reached skill level 8 in Summonings
  5665 | D:6      | Found a sand-covered staircase.
  5803 | Ossuary  | Entered an ossuary
  6499 | D:6      | Found a shattered altar of Ashenzari.
  6884 | D:6      | Reached XP level 9. HP: 41/45 MP: 15/15
  6909 | D:6      | Found a bloodstained altar of Trog.
  6982 | D:6      | Found a staircase to the Ecumenical Temple.
  6987 | Temple   | Entered the Ecumenical Temple
  7055 | Temple   | Became a worshipper of Sif Muna the Loreminder
  7132 | D:6      | Reached skill level 1 in Maces & Flails
  7513 | D:7      | Reached skill level 9 in Summonings
  8522 | D:8      | Noticed a hornet
  8535 | D:8      | Killed a hornet
  9258 | D:8      | Reached * piety under Sif Muna
  9258 | D:8      | Reached skill level 10 in Summonings
  9811 | D:9      | Reached XP level 10. HP: 36/50 MP: 12/16
 10288 | D:9      | Noticed a two-headed ogre
 10330 | D:9      | Killed a two-headed ogre
 10330 | D:9      | Reached skill level 5 in Maces & Flails
 10330 | D:9      | Reached skill level 11 in Summonings
 10521 | D:9      | Noticed Nattefrost's ghost (journeyman MiAK)
 10558 | D:9      | Reached ** piety under Sif Muna
 11358 | D:9      | Found a roughly hewn altar of Beogh.
 11373 | D:9      | Found a staircase to the Orcish Mines.
 11376 | D:9      | Reached skill level 1 in Invocations
 11873 | D:10     | Entered Level 10 of the Dungeon
 11890 | D:10     | Reached skill level 5 in Spellcasting
 11901 | D:10     | Found a deep blue altar of Sif Muna.
 11997 | D:10     | Noticed a two-headed ogre
 12038 | D:10     | Killed a two-headed ogre
 12038 | D:10     | Reached XP level 11. HP: 46/54 MP: 19/19
 12110 | D:10     | Reached *** piety under Sif Muna
 12169 | D:10     | Found Guuk's Antique Weapon Shop.
 12391 | D:10     | Found Mycsixyn's Magic Scroll Shop.
 12398 | D:10     | Bought a scroll of fear for 49 gold pieces
 12398 | D:10     | Bought a scroll of identify for 28 gold pieces
 12557 | D:11     | Found a staircase to the Lair.
 12599 | D:11     | Noticed a red ugly thing
 12607 | D:11     | Killed a red ugly thing
 12643 | D:11     | Found Pulocso's Antique Weapon Shop.
 12643 | D:11     | Noticed heinrich's ghost (journeyman VSAs)
 12939 | D:11     | Noticed a skeletal warrior
 12939 | D:11     | Noticed a skeletal warrior
 12939 | D:11     | Noticed a skeletal warrior
 12939 | D:11     | Noticed a skeletal warrior
 12939 | D:11     | Noticed a skeletal warrior
 13042 | D:11     | Killed heinrich's ghost
 13058 | Lair:1   | Entered Level 1 of the Lair of Beasts
 13479 | Lair:1   | Learned a level 3 spell: Regeneration
 13482 | Lair:1   | Learned a level 2 spell: Repel Missiles
 13690 | Lair:1   | Noticed an oklob plant
 13783 | Lair:1   | Reached skill level 1 in Charms
 13854 | Lair:1   | Reached skill level 1 in Necromancy
 14125 | Lair:2   | Noticed a five-headed hydra
 14136 | Lair:2   | Killed a five-headed hydra
 14136 | Lair:2   | Reached **** piety under Sif Muna
 15188 | Lair:3   | Found a hole to the Spider Nest.
 15255 | Lair:3   | Noticed Urug
 15522 | Lair:3   | Killed Urug
 15600 | Lair:3   | Noticed a death yak
 15601 | Lair:3   | Noticed a death yak
 15601 | Lair:3   | Noticed a death yak
 15601 | Lair:3   | Noticed a death yak
 15604 | Lair:3   | Noticed a death yak
 15610 | Lair:3   | Noticed a death yak
 15622 | Lair:3   | Killed a death yak
 15622 | Lair:3   | Reached XP level 12. HP: 47/59 MP: 22/22
 15622 | Lair:3   | Killed a death yak
 15631 | Lair:3   | Killed a death yak
 15632 | Lair:3   | Killed a death yak
 15640 | Lair:3   | Killed a death yak
 15645 | Lair:3   | Killed a death yak
 15959 | Lair:3   | Found a staircase to the Shoals.
 16036 | Lair:3   | Noticed Nergalle
 16056 | Lair:3   | Killed Nergalle
 16056 | Lair:3   | Reached skill level 5 in Invocations
 16637 | Lair:3   | Noticed Gastronok
 16893 | Lair:3   | Reached skill level 10 in Maces & Flails
 17623 | Lair:3   | Reached ***** piety under Sif Muna
 17628 | Lair:3   | Received a gift from Sif Muna
 17630 | Lair:3   | Reached skill level 1 in Armour
 17885 | Lair:3   | Killed Gastronok
 18233 | Lair:4   | Reached skill level 12 in Summonings
 18248 | Lair:4   | Noticed a six-headed hydra
 18258 | Lair:4   | Killed a six-headed hydra
 18679 | Lair:4   | Noticed a seven-headed hydra
 18688 | Lair:4   | Killed a seven-headed hydra
 19161 | Lair:4   | Noticed a six-headed hydra
 19168 | Lair:4   | Killed a six-headed hydra
 19168 | Lair:4   | Reached skill level 1 in Fighting
 19449 | Lair:5   | Reached XP level 13. HP: 56/66 MP: 23/23
 19997 | Lair:5   | Reached skill level 5 in Armour
 20356 | Lair:6   | Entered Level 6 of the Lair of Beasts
 20399 | Lair:6   | Found a labyrinth entrance.
 20410 | Lab      | Entered a labyrinth
 20734 | Lab      | Noticed a minotaur
 20742 | Lab      | Killed a minotaur
 20755 | Lab      | Got a smoking scale mail
 20756 | Lab      | Identified the +3 scale mail "Seuttuar" {rCorr Dex-2 Stlth+} (You found it in a labyrinth)
 20762 | Lab      | Got a spiked plate armour
 21048 | Lair:6   | Found a staircase to the Slime Pits.
 21246 | Lair:6   | Reached skill level 5 in Fighting
 21848 | Lair:6   | Reached skill level 13 in Summonings
 21889 | Lair:6   | Noticed a fire dragon
 22168 | Lair:6   | Killed a fire dragon
 22818 | D:11     | Found a roughly hewn altar of Beogh.
 23009 | D:11     | Identified Sif Muna's Easy Hermeneutics (Sif Muna gifted it to you on level 11 of the Dungeon)
 23009 | D:11     | Received a gift from Sif Muna
 23111 | D:11     | Gained mutation: Your large and strong wings let you fly indefinitely. [Gargoyle growth]
 23111 | D:11     | Reached XP level 14. HP: 78/78 MP: 26/26
 23293 | Orc:1    | Entered Level 1 of the Orcish Mines
 23473 | Orc:2    | Entered Level 2 of the Orcish Mines
 23516 | Orc:2    | Noticed Duffy's ghost (journeyman SpEn)
 23546 | Orc:2    | Killed Duffy's ghost
 23723 | Orc:2    | Found a roughly hewn altar of Beogh.
 23842 | Orc:2    | Found Kawn's Assorted Antiques.
 23842 | Orc:2    | Found Tajagg's Jewellery Boutique.
 23997 | Orc:2    | Found a staircase to the Elven Halls.
 24209 | Orc:1    | Paralysed by an orc sorcerer for 4 turns
 24215 | Orc:1    | Found an iron altar of Okawaru.
 24416 | Orc:2    | Reached skill level 5 in Dodging
 24839 | Orc:2    | Identified Sif Muna's Papyrus of Unholy Snow (Sif Muna gifted it to you on level 2 of the Orcish Mines)
 24839 | Orc:2    | Received a gift from Sif Muna
 25001 | Orc:2    | Found Ysaqoaku's Food Shop.
 25001 | Orc:2    | Found Gipleg's General Store.
 25036 | Orc:2    | Bought an ivory wand for 116 gold pieces
 25400 | D:12     | Found a flagged portal.
 25484 | Bailey   | Entered a bailey
 25986 | D:12     | Found a portal to a secret trove of treasure.
 26822 | D:12     | Reached skill level 14 in Summonings
 26984 | D:8      | Reached skill level 10 in Spellcasting
 27082 | D:5      | Bought a manual of Transmutations for 1214 gold pieces
 27277 | D:12     | You paid a toll of a manual of Transmutations to enter a treasure trove
 27278 | Trove    | Entered a treasure trove
 27286 | Trove    | Got a pair of jewelled gloves
 27294 | Trove    | Got a pair of dazzling boots
 27296 | Trove    | Got a warped cloak
 27302 | Trove    | Got a crude hat
 27349 | Trove    | Identified the +1 cloak "Juofustu" {Str+4} (You found it in a treasure trove)
 27351 | Trove    | Identified the -6 pair of boots of Bixzuas {rN+ Str+2 Slay-2} (You found it in a treasure trove)
 27363 | Trove    | Got a jewelled chain mail
 27485 | D:10     | Bought a scroll of identify for 28 gold pieces
 27485 | D:10     | Bought a scroll of identify for 28 gold pieces
 27487 | D:10     | Identified the +1 pair of gloves of Foolhardiness {Dex+4} (You found it in a treasure trove)
 27488 | D:10     | Identified the -3 hat "Vugo" {-Tele rC+ SInv} (You found it in a treasure trove)
 27669 | D:13     | Paralysed by fainting for 10 turns
 27770 | D:13     | Found Qaywa's Weapon Emporium.
 27880 | D:13     | Noticed Azrael
 28484 | D:13     | HP: 3/80 [Azrael/damnation (39)]
 28612 | D:13     | Killed Azrael
 28975 | D:14     | Reached XP level 15. HP: 80/84 MP: 29/29
 29300 | D:14     | Found a basalt altar of Yredelemnul.
 29352 | D:14     | Noticed Kirke
 29486 | D:14     | Found a gate to the Vaults.
 29498 | D:14     | Identified Sif Muna's Disquisition on Mutagenic Summoning (Sif Muna gifted it to you on level 14 of the Dungeon)
 29498 | D:14     | Received a gift from Sif Muna
 29874 | D:14     | Noticed a sphinx
 29969 | D:14     | Killed Kirke
 29989 | D:14     | Found a white marble altar of Elyvilon.
 30284 | D:15     | Entered Level 15 of the Dungeon
 30791 | D:15     | Found a staircase to the Depths.
 30832 | D:15     | Learned a level 7 spell: Summon Hydra
 30896 | D:15     | Reached skill level 15 in Summonings
 31484 | Spider:1 | Entered Level 1 of the Spider Nest
 31572 | Spider:1 | Noticed Louise
 31595 | Spider:1 | Killed Louise
 31669 | Spider:1 | Noticed a ghost moth
 31708 | Spider:1 | Killed a ghost moth
 31924 | Spider:1 | Received a gift from Sif Muna
 32059 | Spider:1 | Noticed Aizul
 32071 | Spider:1 | Killed Aizul
 33235 | Spider:2 | Noticed Asterion
 33246 | Spider:2 | Noticed an Executioner
 33249 | Spider:2 | Killed Asterion
 33578 | Spider:2 | Noticed an emperor scorpion
 33591 | Spider:2 | Killed an emperor scorpion
 33594 | Spider:2 | Got a glittering pewter ring
 33595 | Spider:2 | Identified the ring of the Good {Fire +Fly MP+9 Str+6} (You found it on level 2 of the Spider Nest)
 34331 | Spider:2 | Reached XP level 16. HP: 76/92 MP: 29/31
 34401 | Spider:2 | Reached skill level 16 in Summonings
 34881 | Spider:3 | Received a gift from Sif Muna
 35243 | Spider:3 | Reached skill level 5 in Charms
 35484 | Spider:3 | Noticed Arachne
 35645 | Spider:3 | Killed Arachne
 35990 | Shoals:1 | Entered Level 1 of the Shoals
 35990 | Shoals:1 | Noticed Josephine
 36002 | Lair:3   | Killed Josephine
 36493 | Shoals:1 | Identified a scroll of acquirement
 37008 | Shoals:1 | Noticed a kraken
 37036 | Shoals:1 | Killed a kraken
 37344 | Shoals:2 | Noticed Polyphemus
 37534 | Shoals:2 | Killed Polyphemus
 37701 | Shoals:2 | Found Siosaneot's Jewellery Boutique.
 37881 | Shoals:2 | Reached XP level 17. HP: 65/97 MP: 26/32
 38334 | Shoals:3 | Received a gift from Sif Muna
 38766 | Shoals:3 | Reached skill level 17 in Summonings
 38967 | Shoals:3 | Upgraded the game from 0.20-a0-309-gcba9277 to 0.20-a0-315-g8346a86
 39140 | Shoals:4 | Entered Level 4 of the Shoals
 39534 | Shoals:4 | Reached ****** piety under Sif Muna
 39619 | Shoals:4 | Noticed Ilsuiw
 39660 | Shoals:4 | Killed Ilsuiw
 39811 | Shoals:4 | Reached skill level 1 in Shields
 39834 | Shoals:4 | Got a dazzling battleaxe {speed}
 39835 | Shoals:4 | Identified the +5 battleaxe "Enwuumag" {speed, *Slow rPois rC+ Int+10 Dex-5} (You took it off a merfolk impaler on level 4 of the Shoals)
 39884 | Shoals:4 | Got a barnacled rune of Zot
 40135 | Shoals:4 | Got a warped hat
 40493 | Shoals:4 | Noticed a kraken
 40752 | Spider:4 | Entered Level 4 of the Spider Nest
 40899 | Spider:4 | Identified Sif Muna's Magic in Simple Steps (Sif Muna gifted it to you on level 4 of the Spider Nest)
 40899 | Spider:4 | Received a gift from Sif Muna
 40916 | Spider:4 | Learned a level 4 spell: Animate Dead
 41223 | Spider:4 | Reached skill level 18 in Summonings
 41243 | Spider:4 | Reached XP level 18. HP: 84/105 MP: 16/33
 41268 | Spider:4 | Reached skill level 5 in Necromancy
 41416 | Spider:4 | Got a gossamer rune of Zot
 41799 | Spider:4 | Learned a level 1 spell: Summon Butterflies
 41928 | D:11     | Learned a level 3 spell: Recall
 42070 | Vaults:1 | Entered Level 1 of the Vaults
 42337 | Vaults:1 | Identified Sif Muna's Guide on Creative Orientation (Sif Muna gifted it to you on level 1 of the Vaults)
 42337 | Vaults:1 | Received a gift from Sif Muna
 42619 | Vaults:1 | Reached skill level 10 in Fighting
 43453 | Vaults:1 | Identified Sif Muna's Grimoire of Calling (Sif Muna gifted it to you on level 1 of the Vaults)
 43453 | Vaults:1 | Received a gift from Sif Muna
 43453 | Vaults:1 | Reached skill level 19 in Summonings
 43467 | Vaults:1 | Got a polished buckler
 43610 | Vaults:1 | Reached skill level 1 in Translocations
 43790 | Vaults:1 | Identified the +6 buckler "Qemuev" {rPois rF+ Str-2 Int+2 Slay+3} (You found it on level 1 of the Vaults)
 43904 | Vaults:2 | Reached XP level 19. HP: 73/115 MP: 34/34
 43963 | Vaults:2 | Learned a level 7 spell: Malign Gateway
 44120 | Vaults:2 | Reached skill level 5 in Translocations
 44594 | Vaults:2 | Learned a level 1 spell: Apportation
 44766 | Vaults:2 | Identified Muask's Handbook of Companions (Sif Muna gifted it to you on level 2 of the Vaults)
 44766 | Vaults:2 | Received a gift from Sif Muna
 46034 | Vaults:3 | Reached skill level 10 in Translocations
 46114 | Vaults:3 | Noticed a bone dragon
 46136 | Vaults:3 | Killed a bone dragon
 46136 | Vaults:3 | Reached XP level 20. HP: 61/120 MP: 12/35
 46185 | Vaults:3 | Found a staircase to the Crypt.
 46899 | Vaults:4 | Identified Sif Muna's Reference Book on Supportive Dark Secrets (Sif Muna gifted it to you on level 4 of the Vaults)
 46899 | Vaults:4 | Received a gift from Sif Muna
 47124 | Vaults:4 | Learned a level 7 spell: Haunt
 47578 | Vaults:4 | Identified the cursed +0 hat of Xecuvaxi {rElec rPois MR+ Dex-5} (You found it on level 4 of the Shoals)
 47986 | Vaults:4 | Identified Sif Muna's Disquisition on Cloudy Contamination (Sif Muna gifted it to you on level 4 of the Vaults)
 47986 | Vaults:4 | Received a gift from Sif Muna
 48454 | Depths:1 | Entered Level 1 of the Depths
 48703 | Depths:1 | Found a gateway to a ziggurat.
 48832 | Depths:1 | Found a gateway to Hell.
 48912 | Depths:1 | Found a one-way gate leading to the halls of Pandemonium.
 49065 | Depths:1 | Identified Sif Muna's Compendium of Necromancy and the Escort (Sif Muna gifted it to you on level 1 of the Depths)
 49065 | Depths:1 | Received a gift from Sif Muna
 49088 | Depths:1 | Noticed a juggernaut
 49186 | Depths:1 | Killed a juggernaut
 49431 | Depths:2 | Reached XP level 21. HP: 123/125 MP: 24/38
 49621 | Depths:2 | Noticed Jory
 49681 | Depths:2 | Killed Jory
 49745 | Depths:2 | Got a flickering lapis lazuli ring
 49749 | Depths:2 | Identified the ring of Haadwohanos {rPois Dex+4 SInv} (You took it off Jory on level 2 of the Depths)
 50164 | Depths:2 | Found a basalt altar of Yredelemnul.
 50367 | Depths:2 | Identified Ivecs's Incunabulum of Creative Dislocation (Sif Muna gifted it to you on level 2 of the Depths)
 50367 | Depths:2 | Received a gift from Sif Muna
 50436 | Depths:2 | Reached skill level 20 in Summonings
 50671 | Depths:2 | Noticed Bai Suzhen
 50683 | Depths:2 | Killed Bai Suzhen
 50920 | Depths:2 | Found a one-way gate to the infinite horrors of the Abyss.
 51339 | Depths:3 | Found Xotouf's Assorted Antiques.
 51649 | Depths:3 | Reached XP level 22. HP: 41/130 MP: 0/40
 51754 | Depths:3 | Reached skill level 15 in Spellcasting
 51769 | Depths:3 | Identified Sif Muna's Almanac of Arcane Weapons (Sif Muna gifted it to you on level 3 of the Depths)
 51769 | Depths:3 | Received a gift from Sif Muna
 51931 | Depths:3 | Found Jyuhyxaff's Weapon Shop.
 51935 | Depths:3 | Found Roorhem's Gadget Shop.
 52253 | Depths:3 | Found Lotreime's Armour Shop.
 52317 | Depths:3 | Found Pysewk's General Store.
 52441 | Depths:3 | Found Gurory's Armour Shop.
 52449 | Depths:3 | Reached skill level 21 in Summonings
 52653 | Depths:3 | Got an ancient glass ring
 52654 | Depths:3 | Identified the ring "Woiqaic" {+Fly rC++ rN+ Str+3 Int-3} (You found it on level 3 of the Depths)
 52934 | Depths:3 | Found Ovuakkit's Gadget Shop.
 53302 | Depths:4 | Identified Sif Muna's Incunabulum of Feathery Protection (Sif Muna gifted it to you on level 4 of the Depths)
 53302 | Depths:4 | Received a gift from Sif Muna
 53560 | Depths:4 | Noticed a golden dragon
 53576 | Depths:4 | Killed a golden dragon
 53783 | Depths:4 | Noticed a golden dragon
 53805 | Depths:4 | Killed a golden dragon
 53944 | Depths:4 | Noticed a caustic shrike
 53950 | Depths:4 | Killed a caustic shrike
 54426 | Depths:4 | Identified Sif Muna's Guide on Companions and Hexes (Sif Muna gifted it to you on level 4 of the Depths)
 54426 | Depths:4 | Received a gift from Sif Muna
 54476 | Depths:4 | Found Jousseuv's Jewellery Shoppe.
 54664 | Depths:4 | Reached skill level 22 in Summonings
 54711 | Depths:4 | Reached XP level 23. HP: 127/135 MP: 43/43
 55030 | Depths:5 | Entered Level 5 of the Depths
 55730 | Depths:5 | Identified Sif Muna's Disquisition on Warped Stones (Sif Muna gifted it to you on level 5 of the Depths)
 55730 | Depths:5 | Received a gift from Sif Muna
 55737 | Depths:5 | Learned a level 2 spell: Blink
 56155 | Depths:5 | Noticed Frederick
 56221 | Depths:5 | Killed Frederick
 56221 | Depths:5 | Reached skill level 23 in Summonings
 56267 | Depths:5 | Noticed a golden dragon
 56300 | Depths:5 | Killed a golden dragon
 56336 | Depths:5 | Found a gate to the Realm of Zot.
 56388 | Depths:5 | Noticed Boris
 56404 | Depths:5 | HP: 1/135 [disintegration (59)]
 56408 | Depths:5 | Killed Boris
 57278 | D:11     | Learned a level 9 spell: Dragon's Call
 57505 | Vaults:2 | Cast into level 2 of the Abyss (vault guard)
 57506 | Abyss:2  | Found an opulent altar of Gozag.
 57799 | Vaults:2 | Escaped the Abyss
 57970 | Vaults:5 | Entered Level 5 of the Vaults
 57970 | Vaults:5 | Noticed a golden dragon
 58155 | Vaults:4 | Killed a golden dragon
 58155 | Vaults:4 | Identified Sif Muna's Incunabulum of the Mountains and Evil Secrets (Sif Muna gifted it to you on level 4 of the Vaults)
 58155 | Vaults:4 | Received a gift from Sif Muna
 58155 | Vaults:4 | Reached XP level 24. HP: 41/140 MP: 16/43
 58397 | Vaults:5 | Reached skill level 10 in Invocations
 58441 | Vaults:5 | Noticed a caustic shrike
 58443 | Vaults:5 | a caustic shrike changed into a fire giant
 58564 | Vaults:5 | Reached skill level 10 in Dodging
 58630 | Vaults:5 | Noticed an ancient lich
 58669 | Vaults:5 | Killed an ancient lich
 58823 | Vaults:5 | Upgraded the game from 0.20-a0-315-g8346a86 to 0.20-a0-331-g5b3579f
 58840 | Vaults:5 | HP: 4/140 [deep elf annihilator/crystal spear (41)]
 58891 | Vaults:5 | Got a silver rune of Zot
 59460 | Vaults:4 | Gained mutation: You possess an exceptional clarity of mind. [potion of beneficial mutation]
 59505 | Vaults:5 | Got a slimy bronze ring
 59515 | Vaults:5 | Identified the ring "Rimnih" {rF+ Int+3 Dex+4} (You took it off a deep elf annihilator on level 5 of the Vaults)
 60142 | Vaults:5 | Reached XP level 25. HP: 135/147 MP: 43/43
 60826 | Zot:1    | Entered Level 1 of the Realm of Zot
 61208 | Zot:5    | Entered Level 5 of the Realm of Zot
 61749 | Zot:5    | Noticed an ancient lich
 61754 | Zot:5    | Noticed an ancient lich
 61754 | Zot:5    | Noticed an orb of fire
 61754 | Zot:5    | Noticed a Killer Klown
 61757 | Zot:5    | Noticed an orb of fire
 61757 | Zot:5    | Noticed an orb of fire
 61759 | Zot:5    | Noticed an orb of fire
 61763 | Zot:5    | Noticed an orb of fire
 61766 | Zot:5    | Cast into level 5 of the Abyss (a Zot trap)
 61766 | Abyss:5  | Entered Level 5 of the Abyss
 61886 | Abyss:5  | Reached skill level 15 in Fighting
 61897 | Zot:5    | Escaped the Abyss
 61898 | Zot:5    | Noticed a Killer Klown
 61902 | Zot:5    | Noticed an ancient lich
 62163 | Zot:5    | Gained mutation: You expend magic power (3 MP) to strengthen your wands. [an orb of fire]
 62177 | Zot:5    | Gained mutation: You are dopey. (Int -2) [an orb of fire]
 62308 | Zot:5    | Killed a Killer Klown
 62328 | Zot:5    | Noticed an ancient lich
 62339 | Zot:5    | Killed an ancient lich
 62417 | Zot:5    | Killed an ancient lich
 62443 | Zot:5    | Noticed an orb of fire
 62476 | Zot:5    | Noticed an orb of fire
 62512 | Zot:5    | Gained mutation: You regenerate slowly when monsters are visible. [an orb of fire]
 62524 | Zot:5    | Gained mutation: Your magical capacity is low. (-10% MP) [an orb of fire]
 62529 | Zot:5    | Gained mutation: Armour fits poorly on your strangely shaped body. [an orb of fire]
 62570 | Zot:5    | Killed an ancient lich
 62608 | Zot:5    | Killed a Killer Klown
 62640 | Zot:5    | Killed an orb of fire
 62716 | Zot:5    | Gained mutation: You are frail. (-10% HP) [an orb of fire]
 62724 | Zot:5    | Gained mutation: You are very frail. (-20% HP) [an orb of fire]
 62726 | Zot:5    | Killed from afar by an orb of fire

Vault maps used:
D:1:      dpeg_arrival_signposts
D:2:      wad_pebble_path, lemuel_round_altar
D:3:      serial_bayou, serial_bayou_pond_c, serial_bayou_crossing,
          serial_bayou_pond_c, serial_bayou_lagoon_a,
          chequers_ecumenical_altar_twisty, uniq_robin
D:4:      nemelex_xobeh_ov_fountains_minmay, uniq_menkaure, uniq_natasha,
          uniq_duvessa
D:5:      first_bread, serial_shops, nicolae_shop_waterfront,
          nicolae_shop_behind_doors, kennysheep_mini_moat,
          kennysheep_little_box, nicolae_shop_behind_doors
D:6:      ashenzari_conservatory_becter, lemuel_round_altar,
          gup_ossuary_entry_pyramid
D:8:      wad_cavern_with_rooms, small_chamber_with_monster
D:9:      david_orc_5, serial_ice, serial_ice_g, serial_ice_l, serial_ice_d,
          serial_ice_m, serial_ice_f, serial_ice_a, serial_ice_n, serial_ice_o,
          the_bakery
D:10:     serial_shops, shop, shop, lemuel_statue_altar
D:11:     erik_lair_orcish_takeover, serial_shops,
          nicolae_shop_overgrown_old_shop
D:12:     enter_bailey_2, nicolae_trove_entry_free_sample,
          kennysheep_cross_room, nooodl_orcs_dogs
D:13:     serial_shops, nicolae_shop_stone, uniq_azrael
D:14:     lightli_vaults_fourway_checkpoint, lemuel_coloured_pillars_altar,
          elyvilon_altar_3, uniq_kirke
D:15:     grunt_enter_depths_magical_seal, minivault_14, fountainhead
Temple:   dpeg_five_rooms_temple
Lair:1:   grunt_megastairs_3, minmay_lair_oklob_chamber
Lair:2:   lemuel_fruit_tree
Lair:3:   wad_woods_minihive, minmay_shoals_entry_centaurs,
          nicolae_spider_entry_non_spiders, uniq_gastronok, uniq_nergalle,
          uniq_urug
Lair:5:   minivault_19
Lair:6:   hangedman_lair_tendril_chambers, guppyfry_lair_end_dragon,
          minmay_slime_entry_pillars, lab_entry_generic, serial_bayou_pond_b
Shoals:1: nicolae_shoals_aquamancer_cove, uniq_josephine
Shoals:2: serial_shops, shop_fountains, uniq_polyphemus
Shoals:3: overgrown_tower
Shoals:4: shoals_end_grunt_ice, shoals_ilsuiw_alternative
Spider:1: uniq_louise, uniq_aizul
Spider:2: hangedman_stitches_earthworm, uniq_asterion
Spider:3: spiders_nest_ghost_moth_duel, uniq_arachne
Spider:4: grunt_spider_rune_parallel
Orc:1:    okawaru_metal_pillars_1_2
Orc:2:    st_orc_mages, basic_altar, nicolae_orc_sculptors_studio,
          nicolae_orc_rockfall, guppyfry_library_mini
Vaults:1: hangedman_vaults_stream, v_misc_18, vaults_room_fours,
          vaults_room_door_ring, vaults_room_octagon, vaults_dpeg_diagonal,
          nicolae_vaults_big_ls, v_rooms_1, nicolae_vaults_rhombus_6,
          ontoclasm_vaults_pinch, vaults_room_pools, vaults_room_pools
Vaults:2: v_misc_31, st_check, v_rooms_6, hangedman_vaults_variations,
          v_pattern_4, v_rooms_3, vaults_room_hallway, ontoclasm_vaults_eye,
          ontoclasm_vaults_tryst, vaults_room_pool, v_misc_14,
          nicolae_vaults_little_squares_4
Vaults:3: nicolae_vaults_circle_grid_a, minmay_crypt_entry_nasty_monster,
          vaults_room_grunt_arrival_ludios, ontoclasm_vaults_bender, v_misc_19,
          v_pattern_2, vaults_room_hallway, hangedman_vaults_stretched_pinwheel,
          nicolae_vaults_stairing_the_circle, v_misc_30, v_alt_pattern_2,
          v_misc_25, vaults_room_corners, nicolae_vaults_asterisk
Vaults:4: vaults_mumra_hex, nicolae_vaults_ring_of_whatevers,
          ontoclasm_vaults_misaligned, hangedman_vaults_unwind, v_misc_33,
          ontoclasm_vaults_loading_screen, vaults_room_octagon,
          nicolae_vaults_little_squares_4, hangedman_vaults_restitches,
          grunt_vaults_funnel, nicolae_vaults_know_your_exits,
          ontoclasm_vaults_ligature
Depths:1: enter_ziggurat_f, pan_entry, pf_coc_iceberg, serial_bayou_pond_e,
          st_stairs_7, minmay_pinched_square
Depths:2: lemuel_vampire_tower, grunt_hell_entry_dis_old,
          minmay_room_of_horrors, infiniplex_staircase_pool_1, uniq_bai_suzhen
Depths:3: minmay_stepped, hell_entry, rand_demon_pan_entry_5, serial_shops,
          nicolae_shop_stone, shop, shop, shop, shop, minmay_staircase_bubble,
          minmay_shop_star
Depths:4: minmay_quantized_circle, hell_entry, abyss_entry_small_statue_room,
          serial_shops, shop, wad_floor_pattern_1, kennysheep_generic_room_5,
          serial_bayou_shore_b
Depths:5: grunt_zot_entry_gee_three, abyss_entry_crystal,
          rand_demon_pan_entry_4, hell_entry, st_stairs_4,
          minmay_serpent_palace, serial_bayou_shore_b, uniq_boris,
          uniq_frederick
Zot:1:    nicolae_lava_and_water, nrook_zot_tub
Zot:2:    grunt_ministairs_1, hangedman_feature_mirror
Zot:4:    nicolae_moth_party, hangedman_zot_decor_slant, st_stairs_10
Abyss:5:  hangedman_abyss_stitches_cave, evilmike_abyss_exit_12
Lab:      labyrinth_spiral, nicolae_lab_swirl, nicolae_lab_lava
Trove:    trove_armour_2
Ossuary:  ossuary_due_small_catacomb
Bailey:   bailey_polearm_gnolls_kennysheep, bailey

Skill      XL: |  1  2  3  4  5  6  7  8  9 10 11 12 13 14 15 16 17 18 19 20 21 22 23 24 25 |
---------------+----------------------------------------------------------------------------+-----
Summonings     | 4 5 6 7 8 10 11 12 13 14 15 16 18 19 20 22 23 | 23.4
Spellcasting   | 3 4 5 7 8 10 11 13 14 16 | 16.0
Air Magic      | 1 2 3 |  3.6
Ice Magic      | 3 |  3.4
Maces & Flails | 4 7 9 10 12 | 12.0
Invocations    | 3 7 8 9 10 | 10.0
Charms         | 4 5 |  5.2
Necromancy     | 2 3 4 6 7 9 |  9.5
Dodging        | 3 6 7 8 13 | 13.0
Armour         | 4 6 |  6.8
Fighting       | 2 5 6 7 8 9 11 12 17 | 17.7
Shields        | 4 |  4.0
Translocations | 3 10 | 10.0
Stealth        | |  2.1

Action                   |  1- 3 |  4- 6 |  7- 9 | 10-12 | 13-15 | 16-18 | 19-21 | 22-24 | 25-27 || total
-------------------------+-------+-------+-------+-------+-------+-------+-------+-------+-------++-------
Melee: Short sword       |   119 |   179 |   359 |       |       |       |       |       |       ||   657
       Unarmed           |     7 |       |       |       |       |       |       |       |       ||     7
       Whip              |       |       |   200 |   862 |  1953 |       |       |       |       ||  3015
       Demon whip        |       |       |       |       |    72 |  1697 |  1877 |  1966 |   549 ||  6161
       Staff             |       |       |       |       |       |     1 |       |       |       ||     1
 Cast: Summon Small Mamm |     7 |       |       |       |       |       |       |       |       ||     7
       Call Imp          |    10 |     5 |    17 |       |       |       |       |       |       ||    32
       Call Canine Famil |       |     3 |    23 |     2 |       |     2 |       |       |       ||    30
       Summon Lightning  |       |       |    12 |    73 |   182 |    70 |    60 |    52 |    15 ||   464
       Summon Ice Beast  |       |       |     3 |    30 |    48 |     2 |       |       |       ||    83
       Repel Missiles    |       |       |       |     1 |     2 |    10 |     4 |    11 |     5 ||    33
       Regeneration      |       |       |       |       |   111 |    90 |   101 |   134 |    40 ||   476
       Summon Hydra      |       |       |       |       |    24 |    44 |    30 |    15 |     7 ||   120
       Animate Dead      |       |       |       |       |       |     1 |       |       |       ||     1
       Malign Gateway    |       |       |       |       |       |       |     5 |     8 |     3 ||    16
       Haunt             |       |       |       |       |       |       |     1 |       |       ||     1
       Dragon's Call     |       |       |       |       |       |       |       |     8 |     3 ||    11
       Blink             |       |       |       |       |       |       |       |     3 |       ||     3
Invok: Channel Magic     |       |       |       |       |     3 |     1 |       |     2 |     2 ||     8
 Abil: Fly               |       |       |       |       |     1 |       |       |     1 |     1 ||     3
       Stop Flying       |       |       |       |       |       |       |       |     2 |       ||     2
Evoke: Wand              |       |       |     6 |       |     8 |     5 |     3 |    27 |     1 ||    50
  Use: Scroll            |       |     7 |     9 |    13 |    23 |    14 |     7 |    13 |     6 ||    92
       Potion            |       |     4 |       |     2 |     7 |     4 |       |     8 |    22 ||    47
 Stab: Sleeping          |     4 |       |     6 |     3 |     5 |     2 |     4 |     5 |       ||    29
       Distracted        |       |     1 |     4 |    15 |    44 |    21 |    20 |    27 |     8 ||   140
       Paralysed         |       |       |       |       |       |       |       |     3 |       ||     3
  Eat: Chunk             |     4 |     6 |    23 |    40 |    67 |    48 |    43 |    43 |     9 ||   283
       Pizza             |       |       |     1 |     1 |     3 |       |       |     1 |     1 ||     7
       Meat ration       |       |       |       |     1 |     2 |     2 |       |     1 |     1 ||     7
       Royal jelly       |       |       |       |       |     2 |     1 |       |       |       ||     3
       Beef jerky        |       |       |       |       |     1 |       |       |     1 |       ||     2
       Fruit             |       |       |       |       |       |     1 |       |       |       ||     1
Armor: Robe              |    50 |       |     1 |       |       |       |       |       |       ||    51
       Leather armour    |     8 |    47 |   209 |   494 |   954 |   722 |   432 |   633 |   164 ||  3663
Dodge: Dodged            |    95 |    61 |   188 |   508 |  1201 |   919 |   489 |   654 |   275 ||  4390
       Deflected         |       |       |       |     1 |    23 |    80 |    23 |    41 |    14 ||   182
Block: Buckler           |       |       |       |       |       |   140 |   512 |   585 |   186 ||  1423
